 Dungeon Crawl Stone Soup version 0.29-a0-362-g5854e031c7 (webtiles) character file.

Game seed: 15396288607320824872

126 HendSelp the Slasher (level 5, 0/33 HPs)
             Began as a Tengu Monk on Apr 29, 2022.
             Slain by an orc wizard
             ... wielding the +7 dagger "Piuxiule" {flame, *Rage rN+++ Str+2 SInv}
              (3 damage)
             ... on level 3 of the Dungeon.
             The game lasted 00:02:00 (1855 turns).

HendSelp the Slasher (Tengu Monk)                   Turns: 1855, Time: 00:02:01

Health: 0/33       AC:  3    Str: 14    XL:     5   Next: 9%
Magic:  6/6        EV: 16    Int: 10    God:
Gold:   154        SH:  0    Dex: 16    Spells: 4/4 levels left

rFire   . . .      SeeInvis .   a - +0 falchion
rCold   . . .      Faith    .   (no shield)
rNeg    . . .      Spirit   .   b - +1 robe
rPois   .          Reflect  .   (helmet restricted)
rElec   .          Harm     .   (no cloak)
rCorr   .          Rampage  .   (no gloves)
Will    .....                   (boots unavailable)
Stlth   ++........              (no amulet)
HPRegen 0.11/turn               (no ring)
MPRegen 0.10/turn               (no ring)

@: flying quickly and evasively, quick
A: beak, talons 3, nimble flight
a: no special abilities


You were on level 3 of the Dungeon.
You visited 1 branch of the dungeon, and saw 3 of its levels.

You collected 154 gold pieces.

Inventory:

Hand Weapons
 a - a +0 falchion (weapon)
Armour
 b - a +1 robe (worn)
Scrolls
 f - 2 scrolls of teleportation
 h - a scroll of immolation
 i - 2 scrolls of identify
Potions
 c - a potion of ambrosia
 e - a potion of cancellation
 g - a potion of attraction
 l - a potion of lignification {unknown}


   Skills:
 + Level 3.8 Fighting
 + Level 4.8 Long Blades
 + Level 4.3 Dodging
 - Level 2.0 Stealth


You had 4 spell levels left.
You didn't know any spells.
Your spell library contained the following spells:

 Spells                   Type           Power      Damage    Failure   Level
 Ozocubu's Armour         Ice            0%         N/A       75%         3
 Tukima's Dance           Hex            0%         N/A       75%         3
 Passage of Golubria      Tloc           0%         N/A       98%         4
 Yara's Violent Unravell  Hex/Tmut       0%         3d3       100%        5
 Ozocubu's Refrigeration  Ice            0%         4d5       100%        7


Dungeon Overview and Level Annotations

Branches:
Dungeon (3/15)

Altars:
Dithmenos

Shops:
D:1 **[[(


Innate Abilities, Weirdness & Mutations

You have a beak for a mouth.
You have claws for feet.
Your magical nature lets you fly swiftly and evasively.


Message History

2 orcs come into view.
The orc shouts!
An orc comes into view. It is wielding a +0 flail.
There are monsters nearby!
An orc wizard comes into view.
It is wielding the +7 dagger "Piuxiule" {flame, *Rage rN+++ Str+2 SInv}.
There are monsters nearby!
An orc comes into view. It is wielding a +0 whip.
The orc shouts!
The orc wizard shouts!
The orc shouts!
There are monsters nearby!
You barely miss the orc. Your kick misses the orc.
The orc wizard mumbles some strange words.
The orc wizard flickers and vanishes!
Deactivating autopickup; reactivate with Ctrl-A.
There are monsters nearby!
You hit the orc but do no damage. Your kick misses the orc.
You peck the orc, but do no damage. The orc hits you with a +0 club.
The orc closely misses you.
You hit the orc. You claw the orc.
You kill the orc!
The orc closely misses you. The orc misses you.
You barely miss the orc. You claw the orc.
The orc is heavily wounded.
The orc barely misses you. The orc misses you.
You barely miss the orc. Your peck misses the orc.
The orc is heavily wounded.
The orc misses you. x2
You closely miss the orc. Your kick misses the orc.
The orc is heavily wounded.
The orc hits you with a +0 club. The orc hits you with a +0 flail.
You hit the orc but do no damage. Your kick misses the orc.
Your peck misses the orc.
The orc is heavily wounded.
You hear some strange, mumbled words.
A puff of flame appears from out of thin air!
The puff of flame hits you! The orc hits you with a +0 club.
The orc barely misses you.
You barely miss something. Something hits you!
* * * LOW HITPOINT WARNING * * *
Something burns you.
You die...

.# #.#..........>......
. #.#...............#.
###.#.#################.
##...#'#### #####
...........# #....
...........#### #....
..............# #....
..........o...# #....
.........@o...# #....
#########{o...# #....
#o....# ##### #..)..#
#.....# ......# ......#
......#


You could see 4 orcs.

Vanquished Creatures
  Jessica (D:2)
  2 adders
  3 gnolls (D:3)
  A worm (D:3)
  2 dart slugs (D:1)
  An orc (D:3)
  2 bats
  5 endoplasms
  3 goblins
  5 hobgoblins (D:1)
  4 jackals
  5 quokkas
  4 ball pythons
  2 frilled lizards
  2 kobolds
  2 rats
44 creatures vanquished.

Notes
Turn   | Place    | Note
-------+----------+-------------------------------------------
     0 | D:1      | HendSelp the Tengu Monk began the quest for the Orb.
     0 | D:1      | Reached XP level 1. HP: 14/14 MP: 2/2
    10 | D:1      | Found Ingol's Weapon Emporium.
    44 | D:1      | Found Durock's Antique Armour Boutique.
   110 | D:1      | Reached XP level 2. HP: 19/19 MP: 3/3
   139 | D:1      | Found Voalifi's General Store.
   413 | D:1      | Found Oreofan's General Store.
   477 | D:1      | Found Boex Uph's Antique Armour Shoppe.
   523 | D:1      | Reached XP level 3. HP: 20/23 MP: 4/4
   649 | D:1      | Found a faded altar of an unknown god.
   721 | D:2      | Noticed Jessica
   732 | D:2      | Killed Jessica
   804 | D:2      | Found a shadowy altar of Dithmenos.
   819 | D:2      | Reached XP level 4. HP: 23/28 MP: 5/5
  1436 | D:3      | Gained mutation: Your magical nature lets you fly swiftly
                  | and evasively. [Tengu growth]
  1436 | D:3      | Reached XP level 5. HP: 13/33 MP: 6/6
  1846 | D:3      | Identified the +7 dagger "Piuxiule" {flame, *Rage rN+++
                  | Str+2 SInv}
  1855 | D:3      | Slain by an orc wizard

Illustrated notes

Levels and vault maps discovered:
D:1:      heliophobic_arrival_battle_scene, layout_rooms, serial_shops,
          nicolae_diamond_shop, nicolae_shop_window_shopping,
          nicolae_shop_trees, nicolae_lakefront_shop, nicolae_shop_stone,
          ebering_ecumenical_altar_box
D:2:      layout_basic, basic_altar, uniq_jessica
D:3:      layout_basic, nicolae_wu_jian_glorious_leap,
          mainiacjoe_overflow_24_doors, serial_glass, glass_columns_a,
          glass_columns_a, glass_columns_a

Skill      XL: |  1  2  3 |
---------------+----------+-----
Long Blades    | 4 |  4.8
Dodging        | 4 |  4.3
Fighting       | |  3.8
Stealth        | |  2.0

Action                   |  1- 3 |  4- 6 || total
-------------------------+-------+-------++-------
Melee: Falchion          |    56 |    53 ||   109
       Peck              |     8 |     6 ||    14
       Kick              |    11 |    14 ||    25
  Use: Scroll            |     5 |     4 ||     9
       Potion            |       |     1 ||     1
 Stab: Sleeping          |     5 |     3 ||     8
Armor: Robe              |    11 |    11 ||    22
Dodge: Dodged            |    57 |    39 ||    96

Table legend: (Time is in decaauts)
 A = Elapsed time spent in this place.
 B = Non-inter-level travel time spent in this place.
 C = Inter-level travel time spent in this place.
 D = Time resting spent in this place.
 E = Time spent auto-exploring this place.
 F = Levels seen in this place.
 G = Mean time per level.
                   A        B        C        D        E       F      G
               +--------+--------+--------+--------+--------+-----+--------+
         Total |   1847 |   1808 |     39 |      0 |   1491 |   3 |  615.7 |
       Dungeon |   1847 |   1808 |     39 |      0 |   1491 |   3 |  615.7 |
               +--------+--------+--------+--------+--------+-----+--------+

Top non-repeatable levels by time:
     D:1: 708 daAuts
     D:2: 625 daAuts
     D:3: 513 daAuts
